 Dungeon Crawl Stone Soup version 0.24-a0-280-g7cec4da (webtiles) character file.

Game seed: 10814209494583576269

1278 Gunnerkreig the Sneak (level 8, -5/54 HPs)
             Began as an Octopode Wizard on May 9, 2019.
             Was an Initiate of Vehumet.
             Engulfed by a cloud of flame (18 damage)
             ... on level 6 of the Dungeon.
             The game lasted 00:16:34 (6631 turns).

Gunnerkreig the Sneak (Octopode Wizard)             Turns: 6631, Time: 00:16:34

Health: -5/54      AC:  2    Str:  7    XL:     8   Next: 54%
Magic:  9/15       EV: 15    Int: 22    God:    Vehumet [......]
Gold:   295        SH:  4    Dex: 10    Spells: 6/17 levels left

rFire    . . .     SeeInvis .   m - +1 spear (venom)
rCold    . . .     Gourm    .   (no shield)
rNeg     . . .     Faith    .   a - +0 hat
rPois    .         Spirit   .   t - +4 amulet of reflection
rElec    .         Reflect  +   e - +1 ring of protection
rCorr    .         Harm     .   o - +2 ring of evasion
MR       .....                  (no ring)
Stlth    ++++......             (no ring)
HPRegen  0.18/turn              (no ring)
MPRegen  0.14/turn              (no ring)
                                (no ring)
                                (no ring)

@: studying Air Magic
A: almost no armour, stealthy swim, amphibious, 8 rings, constrict 8, camouflage
1, gelatinous body 1
a: Renounce Religion


You were on level 6 of the Dungeon.
You worshipped Vehumet.
Vehumet was noncommittal.
You were not hungry.

You visited 2 branches of the dungeon, and saw 7 of its levels.

You collected 295 gold pieces.

Inventory:

Hand Weapons
 m - a +1 spear of venom (weapon)
 y - the +8 falchion of Inacwuo {slice, *Rage rF- rN+++ Dex+4}
   (You found it on level 6 of the Dungeon)

   It inflicts extra damage upon your enemies.
   It affects your dexterity (+4).
   It makes you vulnerable to fire.
   It renders you almost immune to negative energy.
   It may make you go berserk in combat.
 z - a +0 long sword of electrocution
Missiles
 g - 106 stones (quivered)
 j - 61 sling bullets
Armour
 a - a +0 hat (worn)
Magical Staves
 f - an uncursed staff of cold
Jewellery
 e - a +1 ring of protection (left tentacle)
 o - a +2 ring of evasion (right tentacle)
 t - a +4 amulet of reflection (around mantle)
Wands
 h - a wand of polymorph (10)
 l - a wand of disintegration (24)
 x - a wand of acid (3)
Scrolls
 b - 4 scrolls of amnesia
 s - a scroll of enchant weapon
 u - 2 scrolls of remove curse
 v - a scroll of magic mapping
Potions
 d - a potion of haste {unknown}
 i - a potion of ambrosia {unknown}
 k - 4 potions of lignification
 n - 2 potions of agility
 p - a potion of degeneration {unknown}
 q - 3 potions of might
 r - 2 potions of heal wounds
 B - a potion of invisibility {unknown}
Books
 C - a manual of Air Magic
Comestibles
 c - 14 rations


   Skills:
 - Level 4.0 Fighting
 - Level 2.0 Dodging
 - Level 5.0 Stealth
 - Level 5.0 Spellcasting
 + Level 4.9 Conjurations
 - Level 2.0 Summonings
 - Level 2.0 Translocations
 - Level 3.0 Fire Magic
 - Level 3.0 Air Magic
 - Level 1.0 Poison Magic


You had 6 spell levels left.
You knew the following spells:

 Your Spells              Type           Power        Failure   Level  Hunger
a - Magic Dart            Conj           ####         1%          1    None
b - Conjure Flame         Conj/Fire      ###.....     6%          3    ##.....
c - Mephitic Cloud        Conj/Pois/Air  ###.....     9%          3    ##.....
w - Call Imp              Summ           ##......     7%          2    None
y - Blink                 Tloc           N/A          7%          2    None

Your spell library contained the following spells:

 Spells                   Type           Power        Failure   Level  Hunger
 Throw Frost              Conj/Ice       ###...       5%          2    None
 Corona                   Hex            #......      10%         1    None
 Freeze                   Ice            #...         10%         1    None
 Slow                     Hex            #.......     16%         2    None
 Inner Flame              Hex/Fire       ##......     16%         3    ##.....
 Portal Projectile        Hex/Tloc       #.....       21%         3    ##.....
 Ozocubu's Armour         Chrm/Ice       #.......     30%         3    ##.....
 Throw Icicle             Conj/Ice       ###.....     36%         4    ####...
 Summon Ice Beast         Ice/Summ       #.......     54%         4    ####...
 Cause Fear               Hex            #.........   69%         4    ####...
 Leda's Liquefaction      Hex/Erth       #.........   69%         4    ####...


Dungeon Overview and Level Annotations

Branches:
Dungeon (6/15)             Temple (1/1) D:4

Altars:
Ashenzari
Cheibriados
Dithmenos
Elyvilon
Fedhas
Gozag
Hepliaklqana
Kikubaaqudgha
Makhleb
Nemelex Xobeh
Okawaru
Qazlal
Sif Muna
Trog
Uskayaw
Vehumet
Wu Jian
Xom
Yredelemnul
Zin
The Shining One

Shops:
D:5 %

Annotations:
D:4 NEM shrine, gold or shadow


Innate Abilities, Weirdness & Mutations

You cannot wear most types of armour.
You are very stealthy in the water. (Stealth+)
You are amphibious.
You can wear up to eight rings at the same time.
You can use your tentacles to constrict eight enemies at once.
Your skin changes colour to match your surroundings (Stealth+).
Your rubbery body absorbs attacks. (AC +1, EV +1)


Message History

You hit the hound.
The hound is poisoned.
Your grab misses the hound.
The hound is lightly wounded.
The hound bites you.
The centaur skeleton is engulfed in blazing flames.
The hound bites you.
* * * LOW HITPOINT WARNING * * *
You hit the hound.
The hound looks as sick as possible!
You grab the hound.
The hound is heavily wounded.
You constrict the hound.
The centaur skeleton is engulfed in blazing flames.
You destroy the centaur skeleton!
Vehumet accepts your kill.
Training target 3.0 for Fire Magic reached!
Your Fire Magic skill increases to level 3!
The hound closely misses you. The hound bites you.
* * * LOW HITPOINT WARNING * * *
Casting: Conjure Flame (safe; 6% risk of failure)
Confirm with . or Enter, or press ? or * to list all spells.
You blink.
You are engulfed in blazing flames.
You die...

........#.... .........#.(#
#.##....#.# ...)........##
#.##....... .............#
#.......##. >.........#..##
##........#
..............####......#..
..........##...............
......".)####.###..........
........).@h§?..........###
###..#######.#..#..........
#. #............####
#..#######..###### .... ###
#....##.. ..##. ###
#........ ... .. ._.
+...#.... .$ #. #.#
#........ #..#.....


You could see a hound.

Vanquished Creatures
  An orc warrior (D:6)
  An ice beast (D:5)
  A sky beast (D:5)
  A centaur (D:6)
  A scorpion (D:4)
  3 crimson imps
  4 orc priests
  A jelly (D:5)
  2 hounds
  A centaur skeleton (D:6)
  4 orc wizards
  A bullfrog skeleton (D:6)
  2 iguanas
  2 worker ants
  A hound skeleton (D:6)
  A hound zombie (D:6)
  A worker ant zombie (D:5)
  13 adders
  4 gnolls (D:2)
  3 oozes
  3 worms
  2 dart slugs
  6 leopard geckos
  18 orcs
  9 bats
  6 giant cockroaches
  8 goblins
  5 hobgoblins
  5 jackals
  5 kobolds
  3 quokkas
  7 frilled lizards
  A jackal zombie (D:4)
  A leopard gecko skeleton (D:6)
  8 rats
135 creatures vanquished.

Notes
Turn   | Place    | Note
-------+----------+-------------------------------------------
     0 | D:1      | Gunnerkreig the Octopode Wizard began the quest for the
                  | Orb.
     0 | D:1      | Reached XP level 1. HP: 11/11 MP: 4/4
   253 | D:1      | Reached XP level 2. HP: 18/18 MP: 4/6
   645 | D:1      | Reached skill level 1 in Fighting
   993 | D:1      | Reached XP level 3. HP: 23/23 MP: 3/7
   998 | D:1      | Learned a level 3 spell: Conjure Flame
  1002 | D:1      | Learned a level 3 spell: Mephitic Cloud
  1424 | D:2      | Reached XP level 4. HP: 28/28 MP: 3/9
  1548 | D:2      | Found a burning altar of Makhleb.
  1623 | D:2      | Reached XP level 5. HP: 7/34 MP: 0/10
  2865 | D:2      | Found a faded altar of an unknown god.
  3021 | D:2      | Learned a level 2 spell: Blink
  3024 | D:2      | Learned a level 2 spell: Call Imp
  3050 | D:3      | Reached XP level 6. HP: 41/41 MP: 9/11
  3059 | D:3      | Found an iron altar of Okawaru.
  3350 | D:3      | Reached skill level 5 in Stealth
  4403 | D:4      | Found a staircase to the Ecumenical Temple.
  4435 | D:4      | Found a sparkling altar of Nemelex Xobeh.
  4435 | D:4      | Found a transporter.
  4435 | D:4      | Noticed a shadow
  4455 | Temple   | Entered the Ecumenical Temple
  4693 | Temple   | Became a worshipper of Vehumet
  5073 | D:5      | Entered Level 5 of the Dungeon
  5131 | D:5      | Reached XP level 7. HP: 35/46 MP: 13/13
  5393 | D:5      | Found Cefats's Food Shop.
  5417 | D:5      | Reached skill level 1 in Poison Magic
  5453 | D:5      | Reached skill level 1 in Fire Magic
  5453 | D:5      | Reached skill level 1 in Air Magic
  5567 | D:5      | Found a sparkling altar of Nemelex Xobeh.
  5567 | D:5      | Found a snail-covered altar of Cheibriados.
  5573 | D:5      | Found a deep blue altar of Sif Muna.
  5573 | D:5      | Found a burning altar of Makhleb.
  5573 | D:5      | Found a basalt altar of Yredelemnul.
  5573 | D:5      | Found a hide-covered altar of Uskayaw.
  5574 | D:5      | Found a hazy altar of Hepliaklqana.
  5576 | D:5      | Found a white marble altar of Elyvilon.
  5577 | D:5      | Found an opulent altar of Gozag.
  6187 | D:5      | Reached XP level 8. HP: 54/54 MP: 6/15
  6309 | D:6      | Got a polished falchion
  6310 | D:6      | Identified the +8 falchion of Inacwuo {slice, *Rage rF-
                  | rN+++ Dex+4} (You found it on level 6 of the Dungeon)
  6382 | D:6      | Reached skill level 5 in Spellcasting
  6598 | D:6      | Found a stormy altar of Qazlal.
  6631 | D:6      | Engulfed by a cloud of flame

Levels and vault maps discovered:
D:1:      roderic_dead_forest, layout_basic
D:2:      cheibrodos_pilgrimage, layout_loops_corners,
          chequers_ecumenical_altar_grove, serial_bayou_pond_e, bloody_makhleb
D:3:      layout_basic, okawaru_metal_pillars_1_2, serial_bayou_ford_a,
          eino_tiny_chamber
D:4:      layout_basic, minmay_temple_entry_butterflies, grunt_ministairs_9,
          grunt_nemelex_the_gamble
D:5:      layout_gridville, minitemple, first_ration, serial_shops,
          nicolae_shop_waterfront
D:6:      layout_rooms, lemuel_doored_altar, nrook_mini_vaults,
          minmay_manual_moon
Temple:   chequers_temple_sunken

Skill      XL: |  1  2  3  4  5  6  7  8 |
---------------+-------------------------+-----
Stealth        | 3 4 5 |  5.0
Fighting       | 1 2 3 4 |  4.0
Conjurations   | 2 3 4 |  4.9
Spellcasting   | 4 5 |  5.0
Poison Magic   | 1 |  1.0
Fire Magic     | 1 3 |  3.0
Air Magic      | 1 3 |  3.0
Summonings     | 2 |  2.0
Translocations | 2 |  2.0
Dodging        | |  2.0

Action                   |  1- 3 |  4- 6 |  7- 9 || total
-------------------------+-------+-------+-------++-------
Melee: Unarmed           |     6 |       |       ||     6
       Tentacles         |     4 |    10 |    12 ||    26
       Constrict         |     4 |    22 |    12 ||    38
       Whip              |    12 |    24 |       ||    36
       Spear             |       |    90 |   102 ||   192
Throw: Stone             |       |     8 |     3 ||    11
 Cast: Magic Dart        |    57 |    95 |    31 ||   183
       Conjure Flame     |       |     3 |     8 ||    11
       Mephitic Cloud    |       |     5 |     5 ||    10
       Blink             |       |       |     1 ||     1
  Use: Potion            |       |     1 |       ||     1
       Scroll            |       |     9 |     3 ||    12
 Stab: Sleeping          |       |    14 |     4 ||    18
       Confused          |       |     2 |     1 ||     3
  Eat: Chunk             |     1 |    13 |     5 ||    19
Armor: Skin              |     2 |     9 |     5 ||    16
Dodge: Dodged            |    12 |    70 |    43 ||   125
Block: Other             |       |       |     7 ||     7
       Reflection        |       |       |     1 ||     1

Table legend:
 A = Non-vault XP
 B = Vault XP
 C = Vault XP percentage of total XP
 D = Non-vault monster count
 E = Vault monster count
 F = Vault count percentage of total count
                 A         B        C        D         E       F
            +---------+---------+-------+---------+---------+-------
      Total |    1471 |     355 |  19.4 |     122 |      13 |   9.6
            +---------+---------+-------+---------+---------+-------
        D:1 |      36 |       0 |   0.0 |      17 |       0 |   0.0
        D:2 |     187 |      95 |  33.7 |      32 |       7 |  17.9
        D:3 |     105 |       0 |   0.0 |      30 |       0 |   0.0
        D:4 |     175 |      13 |   6.9 |      14 |       1 |   6.7
        D:5 |     607 |       0 |   0.0 |      16 |       0 |   0.0
        D:6 |     361 |     247 |  40.6 |      13 |       5 |  27.8
            +---------+---------+-------+---------+---------+-------
